[Event "December 12 Late 2023"]
[Site "https://www.chess.com"]
[Date "2023.12.12"]
[Round "6"]
[White "Karas, Marek"]
[Black "Haszon, David"]
[Result "1-0"]
[Board "89"]
[TimeControl "180+1"]
[WhiteFideId "14928558"]
[BlackFideId "733610"]
[WhiteElo "2516"]
[BlackElo "2390"]
[WhiteTeam "CZE"]
[BlackTeam "HUN"]
[WhiteClock "0:01:08"]
[BlackClock "0:00:33"]

1. e4 e5 2. Nf3 Nf6 3. Nc3 Nc6 4. d4 exd4 5. Nxd4 Bb4 6. Nxc6 bxc6 7. Bd3 d5 8. exd5 cxd5 9. O-O O-O 10. Bg5 c6 11. h3 h6 12. Bh4 Re8 13. Qf3 Bd6 14. Rfe1 Be6 15. Ne2 Rb8 16. b3 Rb4 17. Bg3 Bxg3 18. Nxg3 Qd6 19. Rad1 Qf4 20. Qxf4 Rxf4 21. Ne2 Rb4 22. c3 Rb7 23. Nd4 c5 24. Nf5 Bxf5 25. Rxe8+ Nxe8 26. Bxf5 g6 27. Bg4 Nf6 28. Bf3 Rd7 29. b4 cxb4 30. cxb4 Kf8 31. b5 Ke7 32. a4 Kd6 33. Rc1 Rc7 34. Rb1 Nd7 35. a5 Kc5 36. Rc1+ Kd6 37. Rxc7 Kxc7 38. Bxd5 f6 39. f4 Kd6 40. Bc6 Nc5 41. Be8 Nb3 42. b6 axb6 43. axb6 g5 44. fxg5 fxg5 45. Kf2 Nc5 46. Kf3 Nb7 47. Kg4 Kc5 48. Kh5 Kxb6 49. Kxh6 Kc7 50. Kxg5 Kd8 51. Bf7 Nd6 52. Kg6 Ke7 53. Bg8 Kf8 54. Bd5 Nc8 55. Ba2 Ne7+ 56. Kf6 Nc6 57. g4 Nb4 58. Bc4 Nc6 59. g5 Nd4 60. g6 1-0

[Event "December 12 Late 2023"]
[Site "https://www.chess.com"]
[Date "2023.12.12"]
[Round "6"]
[White "Akhayan, Ruben"]
[Black "Tapie Amione, Pablo Adib"]
[Result "1-0"]
[Board "90"]
[TimeControl "180+1"]
[WhiteFideId "204439"]
[BlackFideId "5107180"]
[WhiteElo "2383"]
[BlackElo "2513"]
[WhiteTeam "BEL"]
[BlackTeam "MEX"]
[WhiteClock "0:01:18"]
[BlackClock "0:00:49"]

1. e4 c5 2. Nf3 e6 3. d4 cxd4 4. Nxd4 Nf6 5. Nc3 Nc6 6. Nxc6 bxc6 7. e5 Nd5 8. Ne4 Qc7 9. f4 Qb6 10. a3 f5 11. exf6 Nxf6 12. Nxf6+ gxf6 13. Qh5+ Kd8 14. Bd2 a5 15. Bc3 Be7 16. O-O-O Kc7 17. Rd3 Rf8 18. Qxh7 Bd6 19. Be2 Ba6 20. Rxd6 Kxd6 21. Rd1+ 1-0

[Event "December 12 Late 2023"]
[Site "https://www.chess.com"]
[Date "2023.12.12"]
[Round "6"]
[White "Rian, Kapriaga"]
[Black "Rogov, Matfey"]
[Result "1-0"]
[Board "91"]
[TimeControl "180+1"]
[WhiteFideId "7103263"]
[BlackFideId "44191308"]
[WhiteElo "2364"]
[BlackElo "2511"]
[WhiteTeam "INA"]
[BlackTeam "RUS"]
[WhiteClock "0:00:43"]
[BlackClock "0:00:00"]

1. d4 e6 2. Nf3 f5 3. Nc3 Nf6 4. Bg5 Bb4 5. Qd3 b6 6. a3 Ba6 7. Qd2 Be7 8. O-O-O O-O 9. Kb1 d5 10. Ne5 c5 11. e3 Bxf1 12. Rhxf1 c4 13. f3 Nfd7 14. Bxe7 Qxe7 15. e4 Nf6 16. exf5 exf5 17. Qf4 g6 18. g4 b5 19. gxf5 Nh5 20. Qg4 Rxf5 21. Nxd5 Qb7 22. Rg1 Ng7 23. Qe4 Kh8 24. Rxg6 Nd7 25. Rxg7 Nxe5 26. Rxb7 1-0

[Event "December 12 Late 2023"]
[Site "https://www.chess.com"]
[Date "2023.12.12"]
[Round "6"]
[White "Tikhonov, Viacheslav"]
[Black "Storn, Justin"]
[Result "1-0"]
[Board "92"]
[TimeControl "180+1"]
[WhiteFideId "44196407"]
[BlackFideId "30922720"]
[WhiteElo "2510"]
[BlackElo "2366"]
[WhiteTeam "RUS"]
[BlackTeam "USA"]
[WhiteClock "0:00:13"]
[BlackClock "0:00:12"]

1. e4 c6 2. d4 d5 3. Nc3 dxe4 4. Nxe4 Nf6 5. Nxf6+ exf6 6. Bc4 Bd6 7. Qe2+ Qe7 8. Qxe7+ Kxe7 9. Ne2 Re8 10. Bd2 Kf8 11. Bd3 Kg8 12. O-O-O Be6 13. Kb1 Bd5 14. f3 c5 15. Nc3 Bc6 16. d5 Bd7 17. Ne4 Bf8 18. Rhe1 b5 19. Bf4 c4 20. Bf1 Na6 21. b3 cxb3 22. axb3 Rac8 23. Nd6 Rxe1 24. Rxe1 Bxd6 25. Bxd6 g6 26. Kb2 Nc5 27. Ra1 a6 28. Bxc5 Rxc5 29. Rxa6 Rxd5 30. Rxf6 Rd1 31. Bd3 Rd2 32. Rd6 Be6 33. Rb6 Rxg2 34. Rxb5 Rxh2 35. Rb8+ Kg7 36. b4 Bd5 37. Be4 Bxe4 38. fxe4 g5 39. b5 g4 40. b6 g3 41. b7 Rh6 42. Rg8+ Kxg8 43. b8=Q+ Kg7 44. Qxg3+ 1-0

[Event "December 12 Late 2023"]
[Site "https://www.chess.com"]
[Date "2023.12.12"]
[Round "6"]
[White "Gerbelli Neto, Eduardo"]
[Black "Senft, Sean"]
[Result "1-0"]
[Board "94"]
[TimeControl "180+1"]
[WhiteFideId "2103281"]
[BlackFideId "2044960"]
[WhiteElo "2340"]
[BlackElo "2505"]
[WhiteTeam "BRA"]
[BlackTeam "USA"]
[WhiteClock "0:00:05"]
[BlackClock "0:00:05"]

1. e4 c5 2. Nc3 d6 3. f4 Nf6 4. Nf3 Nc6 5. Bb5 Bg4 6. h3 Bxf3 7. Qxf3 Rc8 8. e5 Nd7 9. exd6 Nd4 10. Qxb7 exd6 11. O-O Be7 12. Re1 Nxc2 13. Rxe7+ Kxe7 14. Qe4+ Kf8 15. Qxc2 Nf6 16. d3 d5 17. Bd2 h6 18. Be1 Kg8 19. Bh4 Qd6 20. Qf2 d4 21. Ne4 Nxe4 22. dxe4 Kh7 23. e5 Qg6 24. f5 Qb6 25. Bd3 Rhe8 26. f6+ g6 27. Re1 c4 28. Be4 d3 29. Bd5 Kg8 30. e6 Qxf2+ 31. Bxf2 fxe6 32. Bxe6+ Kf8 33. Bxc8 Rxc8 34. Bd4 Rd8 35. Bc3 Kf7 36. Kf2 Rd5 37. Re7+ Kf8 38. Ke3 a6 39. Rg7 Rg5 40. g4 h5 41. gxh5 Rg3+ 42. Kd4 Rxh3 43. hxg6 Rh4+ 44. Kc5 a5 45. Ra7 Ke8 46. f7+ Kd8 47. f8=Q# 1-0

[Event "December 12 Late 2023"]
[Site "https://www.chess.com"]
[Date "2023.12.12"]
[Round "6"]
[White "Krzywda, Andrzej"]
[Black "Rose, Felix"]
[Result "1/2-1/2"]
[Board "95"]
[TimeControl "180+1"]
[WhiteFideId "1114565"]
[BlackFideId "5105722"]
[WhiteElo "2504"]
[BlackElo "2328"]
[WhiteTeam "POL"]
[BlackTeam "MEX"]
[WhiteClock "0:00:25"]
[BlackClock "0:00:14"]

1. e4 e5 2. Nf3 Nc6 3. Bb5 a6 4. Ba4 Nf6 5. O-O b5 6. Bb3 Bc5 7. a4 Rb8 8. c3 d6 9. d4 Bb6 10. a5 Ba7 11. h3 O-O 12. Be3 exd4 13. cxd4 Nb4 14. Nbd2 c5 15. Bg5 h6 16. Bh4 cxd4 17. e5 dxe5 18. Ne4 g5 19. Nfxg5 Nxe4 20. Qh5 hxg5 21. Qg6+ Kh8 22. Qh6+ Kg8 23. Qg6+ Kh8 24. Qxe4 gxh4 25. Qxe5+ Kg8 26. Rfe1 Nd3 27. Qe4 Nxe1 28. Qg6+ Kh8 29. Qh6+ Kg8 30. Rxe1 Be6 31. Bxe6 fxe6 32. Qg6+ Kh8 33. Re5 Rf5 34. Qh6+ Kg8 35. Qxe6+ Rf7 36. Qg6+ Rg7 37. Qe6+ Rf7 38. Qg6+ Rg7 39. Qe6+ Rf7 1/2-1/2

[Event "December 12 Late 2023"]
[Site "https://www.chess.com"]
[Date "2023.12.12"]
[Round "6"]
[White "Chylewski, Patryk"]
[Black "Kappeler, Kaspar"]
[Result "1-0"]
[Board "96"]
[TimeControl "180+1"]
[WhiteFideId "1186191"]
[BlackFideId "1309072"]
[WhiteElo "2502"]
[BlackElo "2316"]
[WhiteTeam "POL"]
[BlackTeam "SUI"]
[WhiteClock "0:00:05"]
[BlackClock "0:00:09"]

1. c4 e5 2. Nc3 Nf6 3. Nf3 Nc6 4. e3 Bb4 5. Qc2 O-O 6. Nd5 Re8 7. Qf5 d6 8. Nxf6+ gxf6 9. Qh5 Qd7 10. Nh4 Ne7 11. Bd3 Ng6 12. Bf5 Qc6 13. Bxc8 Raxc8 14. O-O Qxc4 15. Nf5 d5 16. b3 Qd3 17. a4 Bf8 18. Ba3 c5 19. Rab1 a5 20. Rfd1 b6 21. Bb2 d4 22. Qg4 e4 23. h4 Kh8 24. exd4 cxd4 25. Bxd4 Ne5 26. Bxe5 Rxe5 27. Nh6 Rc7 28. Qg8# 1-0

[Event "December 12 Late 2023"]
[Site "https://www.chess.com"]
[Date "2023.12.12"]
[Round "6"]
[White "Ramadoss, Ashokkumar"]
[Black "Makaraci, Tunahan"]
[Result "0-1"]
[Board "97"]
[TimeControl "180+1"]
[WhiteFideId "5040990"]
[BlackFideId "6356559"]
[WhiteElo "2327"]
[BlackElo "2500"]
[WhiteTeam "IND"]
[BlackTeam "TUR"]
[WhiteClock "0:00:00"]
[BlackClock "0:00:51"]

1. Nf3 Nf6 2. c4 e6 3. d4 Bb4+ 4. Nbd2 a5 5. e3 O-O 6. Bd3 d5 7. O-O b6 8. cxd5 exd5 9. Qc2 Bb7 10. Ne5 Bd6 11. Ndf3 c5 12. b3 Nbd7 13. Bf5 Bc8 14. Bb2 Re8 15. Rad1 g6 16. Bxd7 Bxd7 17. Nxd7 Nxd7 18. dxc5 Nxc5 19. Qc3 f6 20. Qxf6 Qxf6 21. Bxf6 Ne4 22. Ba1 Red8 23. Rc1 Rac8 24. Rfd1 Ba3 25. Rxc8 Rxc8 26. Bd4 b5 27. Ne1 Bb4 28. Nd3 Rc2 29. f3 Nc3 30. Nxb4 axb4 31. Bxc3 bxc3 32. Rxd5 Rd2 0-1

[Event "December 12 Late 2023"]
[Site "https://www.chess.com"]
[Date "2023.12.12"]
[Round "6"]
[White "Lin, Bryan Enming"]
[Black "Silvestre, Christian"]
[Result "1-0"]
[Board "98"]
[TimeControl "180+1"]
[WhiteFideId "30987121"]
[BlackFideId "30956269"]
[WhiteElo "2499"]
[BlackElo "2314"]
[WhiteTeam "USA"]
[BlackTeam "USA"]
[WhiteClock "0:01:31"]
[BlackClock "0:00:08"]

1. e4 c5 2. Nf3 Nc6 3. d4 cxd4 4. Nxd4 g6 5. c4 Bg7 6. Be3 Nf6 7. Nc3 O-O 8. f3 d6 9. Nc2 Bd7 10. Qd2 Rc8 11. Rc1 Ne5 12. b3 a6 13. Be2 h5 14. O-O Re8 15. Rfd1 Qa5 16. Nd4 Nc6 17. Nc2 Ne5 18. Nd4 Nc6 19. Kf2 Nxd4 20. Bxd4 Bc6 21. Qe3 Nd7 22. h4 b5 23. cxb5 axb5 24. Bxg7 Kxg7 25. Qd4+ Kg8 26. b4 Qa3 27. Bxb5 Bxb5 28. Nxb5 Qxa2+ 29. Kg1 Ne5 30. Nc7 Red8 31. Nd5 Rxc1 32. Rxc1 e6 33. Nf6+ Kg7 34. f4 Kxf6 35. fxe5+ Ke7 36. exd6+ Ke8 37. Qh8+ Kd7 38. Rc7+ Kxd6 39. Qxd8+ Ke5 40. Qg5+ Kxe4 41. Rc1 Qe2 42. Qg3 f5 43. Re1 Qxe1+ 44. Qxe1+ 1-0

[Event "December 12 Late 2023"]
[Site "https://www.chess.com"]
[Date "2023.12.12"]
[Round "6"]
[White "Gasparyan, David"]
[Black "Bazzano, Sebastian"]
[Result "1-0"]
[Board "99"]
[TimeControl "180+1"]
[WhiteFideId "13311980"]
[BlackFideId "104566"]
[WhiteElo "2493"]
[BlackElo "2311"]
[WhiteTeam "USA"]
[BlackTeam "ARG"]
[WhiteClock "0:01:01"]
[BlackClock "0:00:00"]

1. Nf3 Nf6 2. g3 g6 3. Bg2 Bg7 4. O-O O-O 5. c4 c5 6. Nc3 Nc6 7. d4 cxd4 8. Nxd4 Nxd4 9. Qxd4 d6 10. Qd2 a6 11. Rd1 Qc7 12. b3 Bd7 13. Bb2 Bc6 14. e4 Rab8 15. Rac1 Rfc8 16. Nd5 Bxd5 17. exd5 Qd7 18. h3 b5 19. cxb5 axb5 20. Rc6 Rxc6 21. dxc6 Qc7 22. Qe3 Nd5 23. Qd2 Bxb2 24. Qxb2 Nf6 25. Qd4 b4 26. Rd2 Rb6 27. Rc2 Rb8 28. Rc4 d5 29. Rxb4 1-0

[Event "December 12 Late 2023"]
[Site "https://www.chess.com"]
[Date "2023.12.12"]
[Round "6"]
[White "Gonzalez Zharikov, Andrey"]
[Black "Wartiovaara, Oliver"]
[Result "0-1"]
[Board "100"]
[TimeControl "180+1"]
[WhiteFideId "5145287"]
[BlackFideId "513024"]
[WhiteElo "2294"]
[BlackElo "2492"]
[WhiteTeam "MEX"]
[BlackTeam "FIN"]
[WhiteClock "0:01:09"]
[BlackClock "0:01:34"]

1. e4 c6 2. Nf3 d5 3. Nc3 Bg4 4. h3 Bxf3 5. Qxf3 e6 6. g3 Nd7 7. Bg2 Ngf6 8. O-O Bc5 9. Rd1 d4 10. Nb1 Ne5 11. Qb3 d3 12. c3 h5 13. a4 h4 14. g4 Nfxg4 15. hxg4 h3 16. Bh1 0-1

[Event "December 12 Late 2023"]
[Site "https://www.chess.com"]
[Date "2023.12.12"]
[Round "6"]
[White "Mejia, Cherry Ann"]
[Black "Shton, Roman"]
[Result "0-1"]
[Board "101"]
[TimeControl "180+1"]
[WhiteFideId "5206880"]
[BlackFideId "14137461"]
[WhiteElo "2284"]
[BlackElo "2490"]
[WhiteTeam "PHI"]
[BlackTeam "UKR"]
[WhiteClock "0:00:00"]
[BlackClock "0:00:58"]

1. e4 Nf6 2. e5 Nd5 3. c4 Nb6 4. d4 d6 5. exd6 cxd6 6. Nc3 g6 7. Be3 Bg7 8. Rc1 Nc6 9. Nf3 O-O 10. h3 Bf5 11. Be2 d5 12. c5 Nc4 13. Bxc4 dxc4 14. d5 Nb4 15. O-O Bd3 16. Re1 Nxd5 17. Bd4 Bxd4 18. Nxd4 Nxc3 19. bxc3 Rc8 20. Qa4 Rxc5 21. Qxa7 Qc7 22. Qa3 e5 23. Nf3 Ra5 24. Qb2 f6 25. Re3 Rfa8 26. Ra1 Qc6 27. Ne1 Bf5 28. Nc2 Rd8 29. Nb4 Qd6 30. Qe2 Bd3 31. Qf3 Rd7 32. Rd1 e4 33. Rxe4 Rf5 34. Rd4 Qxd4 35. Qxf5 Bxf5 36. cxd4 c3 37. d5 c2 38. Rc1 Kf8 39. Kf1 Ke7 40. Ke2 Kd6 41. Kd2 Ke5 42. Nxc2 Rxd5+ 43. Ke3 Rc5 44. f4+ Kd6 45. Rd1+ Ke7 46. Nd4 Bd7 47. g4 Ra5 48. Rd2 Ra3+ 49. Rd3 Rxa2 50. Nf3 Bc6 0-1

[Event "December 12 Late 2023"]
[Site "https://www.chess.com"]
[Date "2023.12.12"]
[Round "6"]
[White "Cervantes Landeiro, Thalia"]
[Black "Sultanbek, Zeinep"]
[Result "1-0"]
[Board "102"]
[TimeControl "180+1"]
[WhiteFideId "3520498"]
[BlackFideId "13710419"]
[WhiteElo "2484"]
[BlackElo "2260"]
[WhiteTeam "USA"]
[BlackTeam "KAZ"]
[WhiteClock "0:00:43"]
[BlackClock "0:00:00"]

1. d4 d5 2. c4 e6 3. Nc3 Nf6 4. Nf3 c6 5. Qc2 dxc4 6. a4 Bb4 7. e4 b5 8. Bg5 h6 9. Bh4 g5 10. Bg3 g4 11. Nd2 Qxd4 12. axb5 cxb5 13. Nxb5 Bxd2+ 14. Qxd2 Qxd2+ 15. Kxd2 Nxe4+ 16. Ke3 Nxg3 17. hxg3 Kd8 18. Bxc4 a6 19. Rhd1+ Bd7 20. Nd6 Ke7 21. b4 Nc6 22. Nxf7 Rhb8 23. Nxh6 Rxb4 24. Bxa6 Rh8 25. Rh1 Ne5 26. Nf5+ exf5 27. Rxh8 Re4+ 28. Kd2 Bc6 29. Rh7+ Kd6 30. Rh6+ Kc7 31. Rc1 Rd4+ 32. Ke1 Kb6 33. Be2 Kb7 34. Re6 Re4 35. Rcxc6 Nxc6 36. Rxe4 fxe4 37. Bxg4 Ne5 38. Bf5 e3 39. fxe3 Kc6 40. e4 Kd6 41. Ke2 Ke7 42. Ke3 Kf6 43. Kf4 Nd3+ 44. Ke3 Ne5 45. Kd4 Nf7 46. Kd5 Ne5 47. g4 Nf7 48. g3 Ng5 49. e5+ Kf7 50. Kd6 Nf3 51. e6+ Ke8 52. Bg6+ 1-0

[Event "December 12 Late 2023"]
[Site "https://www.chess.com"]
[Date "2023.12.12"]
[Round "6"]
[White "De Lima, Valdenicio Marcelino"]
[Black "Rangel, Daniel"]
[Result "0-1"]
[Board "103"]
[TimeControl "180+1"]
[WhiteFideId "2132044"]
[BlackFideId "2124475"]
[WhiteElo "2248"]
[BlackElo "2483"]
[WhiteTeam "BRA"]
[BlackTeam "BRA"]
[WhiteClock "0:00:00"]
[BlackClock "0:00:04"]

1. Nf3 Nf6 2. d4 g6 3. Bf4 Bg7 4. e3 O-O 5. Be2 d5 6. h3 b6 7. O-O c5 8. c4 cxd4 9. exd4 dxc4 10. Bxc4 Bb7 11. Ne5 Nc6 12. Nxc6 Bxc6 13. Be5 Bd5 14. Ba6 Qd7 15. Nc3 Bb7 16. Bb5 Bc6 17. Ba6 Nd5 18. Rc1 Nxc3 19. Rxc3 Qd5 20. Qg4 Bb5 21. Bxb5 Qxb5 22. Bxg7 Kxg7 23. b3 e6 24. Qf4 Rad8 25. Rfc1 Qd5 26. Qe5+ Kg8 27. Rc7 a5 28. R1c4 Qa8 29. a4 Rd5 30. Qf6 b5 31. axb5 Rxb5 32. Re7 Rb7 33. Rcc7 Rxc7 34. Rxc7 Qb8 35. Rc5 Qb4 36. Qe5 Rd8 37. Rxa5 Qxb3 38. Ra7 Qb1+ 39. Kh2 Qb8 40. Qxb8 Rxb8 41. Rd7 Rb2 42. Kg3 Rd2 43. f3 Kg7 44. Kf4 Rxg2 45. d5 exd5 46. Rxd5 Ra2 47. Kg3 Ra8 48. Rd7 Rf8 49. h4 Re8 50. Kg4 Re5 51. f4 Rf5 52. Rc7 h5+ 53. Kg3 Ra5 54. Rb7 Ra6 55. Rb3 Kf6 56. Rd3 Ra5 57. Kf3 Kf5 58. Rd7 Ra3+ 59. Kg2 f6 60. Rd4 Kg4 61. Rd6 Ra2+ 62. Kf1 Kf5 63. Rd4 Rb2 64. Kg1 Rc2 65. Kh1 Re2 66. Kg1 Re4 67. Rd5+ Kxf4 68. Rd6 Kf5 69. Kg2 Re6 70. Rd5+ Re5 71. Rd6 Rc5 72. Rd2 Rc3 73. Kh2 Kg4 74. Rg2+ Kxh4 75. Rxg6 Rc2+ 76. Kg1 f5 77. Rf6 Rc5 78. Kf2 Kg4 79. Rg6+ Kf4 80. Rh6 Rc2+ 81. Ke1 Kg5 82. Rh8 Ra2 83. Rg8+ Kf4 84. Rh8 Kg4 85. Rg8+ Kf3 86. Rh8 f4 87. Rxh5 Ra1+ 88. Kd2 Kg2 89. Rg5+ Kf2 90. Rf5 f3 91. Rh5 Ra4 92. Rh2+ Kg1 93. Rh7 f2 94. Rg7+ Kf1 95. Ke3 Ra3+ 96. Kd2 Ra5 97. Rg5 Rxg5 0-1

[Event "December 12 Late 2023"]
[Site "https://www.chess.com"]
[Date "2023.12.12"]
[Round "6"]
[White "Yandarbiev, Ruslan"]
[Black "Janiashvili, Mariami"]
[Result "1-0"]
[Board "104"]
[TimeControl "180+1"]
[WhiteFideId "4115023"]
[BlackFideId "13612077"]
[WhiteElo "2482"]
[BlackElo "2207"]
[WhiteTeam "RUS"]
[BlackTeam "GEO"]
[WhiteClock "0:00:03"]
[BlackClock "0:00:00"]

1. c4 c5 2. g3 Nc6 3. Bg2 g6 4. Nc3 Bg7 5. Nf3 e6 6. O-O Nge7 7. d4 d5 8. cxd5 Nxd4 9. dxe6 Bxe6 10. Ng5 Bc4 11. Bxb7 O-O 12. Bxa8 Qxa8 13. Re1 h6 14. Nge4 Nd5 15. Nxd5 Qxd5 16. Nc3 Qh5 17. Be3 Qh3 18. Bxd4 cxd4 19. Qa4 dxc3 20. Qxc4 cxb2 21. Rab1 Rc8 22. Qb3 Rc5 23. Qf3 Rh5 24. Qg2 Qxg2+ 25. Kxg2 Ra5 26. Red1 Rxa2 27. Kf3 Ra1 28. Ke3 a5 29. Kd3 a4 30. Kc2 a3 31. Rd8+ Kh7 32. Rd7 a2 33. Rxb2 Rc1+ 34. Kxc1 a1=Q+ 35. Rb1 Qa3+ 36. Kd2 Bc3+ 37. Kc2 Qa4+ 38. Kxc3 Qxd7 39. h4 Qf5 40. Rf1 1-0

[Event "December 12 Late 2023"]
[Site "https://www.chess.com"]
[Date "2023.12.12"]
[Round "6"]
[White "Nadera, Barlo A."]
[Black "ChessSG1"]
[Result "0-1"]
[Board "105"]
[TimeControl "180+1"]
[WhiteFideId "5200598"]
[WhiteElo "2194"]
[BlackElo "2480"]
[WhiteTeam "PHI"]
[WhiteClock "0:00:02"]
[BlackClock "0:00:06"]

1. d4 d5 2. Nf3 Nf6 3. c4 e6 4. Bg5 dxc4 5. Qa4+ Bd7 6. Qxc4 c5 7. dxc5 Na6 8. b4 Rc8 9. a3 h6 10. Bh4 Nxc5 11. bxc5 Rxc5 12. Qd4 Rd5 13. Bxf6 gxf6 14. Qc3 Rc5 15. Qb2 Rb5 16. Qc3 Rc5 17. Qe3 Qa5+ 18. Nbd2 f5 19. Qb3 Bg7 20. Rb1 O-O 21. e3 Rfc8 22. Be2 Rc1+ 23. Bd1 Ba4 24. Rxc1 Rxc1 25. O-O Bxb3 26. Nxb3 Qc7 27. Nxc1 Qxc1 28. Be2 Qxa3 29. Rd1 Bf6 30. g3 a5 31. Rd7 Qb2 32. Bf1 a4 33. Nd4 Bxd4 34. exd4 a3 35. Bg2 a2 36. Bxb7 a1=Q+ 37. Kg2 Qaa2 38. Rd8+ Kg7 39. Kh3 Qxf2 40. Bg2 Qxg2+ 41. Kh4 Qxh2# 0-1

[Event "December 12 Late 2023"]
[Site "https://www.chess.com"]
[Date "2023.12.12"]
[Round "6"]
[White "Yashmetov, Mikhail"]
[Black "BestestBP"]
[Result "1-0"]
[Board "106"]
[TimeControl "180+1"]
[WhiteFideId "24198900"]
[WhiteElo "2479"]
[BlackElo "2166"]
[WhiteTeam "RUS"]
[WhiteClock "0:00:24"]
[BlackClock "0:00:06"]

1. d4 Nf6 2. g3 e6 3. Bg2 Be7 4. Nf3 O-O 5. O-O c5 6. c4 d5 7. cxd5 exd5 8. Nc3 Nc6 9. b3 h6 10. Bb2 Bg4 11. dxc5 Bxc5 12. Na4 Be7 13. Rc1 Rc8 14. Qd2 Ne4 15. Qf4 Bh5 16. Ne5 Bg5 17. Nxc6 Bxf4 18. Nxd8 Bxc1 19. Bxc1 Bxe2 20. Re1 Rfxd8 21. Be3 Rc2 22. Bxa7 Ra8 23. Be3 b5 24. Nb6 Raxa2 25. Nxd5 Nc3 26. Nb4 Bh5 27. Nxa2 Rxa2 28. h3 Ne2+ 29. Kh2 Bg6 30. b4 Nc3 31. Bc5 Kh7 32. Bf1 Rxf2+ 33. Bxf2 Ne4 34. Rxe4 Bxe4 35. Bxb5 g6 36. Bc5 f5 37. h4 g5 38. Kg1 Kg6 39. Kf2 gxh4 40. gxh4 Kh5 41. Kg3 Ba8 42. Be7 Kg6 43. Kf4 Kh5 44. Bd7 Bc6 45. Bxf5 Be8 46. Bg4+ Kg6 47. Bc5 h5 48. Be2 Bd7 49. Bd3+ Kf7 50. Bd4 Bc8 51. Kg5 Ke6 52. Bf5+ Kd5 53. Bxc8 Kxd4 54. b5 Kc5 55. Bd7 Kb6 56. Bc6 Kc7 57. Kxh5 Kb6 58. Kh6 Kc7 59. Kg7 Kb6 60. h5 1-0

[Event "December 12 Late 2023"]
[Site "https://www.chess.com"]
[Date "2023.12.12"]
[Round "6"]
[White "Luxama, Jacques Muller"]
[Black "Bogaudinov, Rushan"]
[Result "0-1"]
[Board "107"]
[TimeControl "180+1"]
[WhiteFideId "11900113"]
[BlackFideId "4129288"]
[WhiteElo "2148"]
[BlackElo "2465"]
[WhiteTeam "HAI"]
[BlackTeam "RUS"]
[WhiteClock "0:00:45"]
[BlackClock "0:01:47"]

1. e4 e6 2. d4 a6 3. Nc3 b5 4. a3 Bb7 5. Bd3 c5 6. Nf3 Nf6 7. e5 cxd4 8. Nxd4 Nd5 9. Nxd5 Bxd5 10. O-O Be7 11. Be3 Nc6 12. Nxc6 dxc6 13. b3 c5 14. c4 bxc4 15. bxc4 Bc6 16. Qe2 O-O 17. Rad1 Qc7 18. f4 g6 19. Bc1 Rfd8 20. g4 Rd4 21. Bb2 Rad8 22. Bxd4 Rxd4 23. f5 Bg5 24. fxe6 fxe6 25. Rf2 Bf4 26. Rdf1 g5 27. Re1 Kg7 28. h4 Bg3 29. Ref1 Bxf2+ 30. Qxf2 Rxg4+ 31. Kh2 Rxh4+ 32. Kg3 Qxe5+ 0-1

[Event "December 12 Late 2023"]
[Site "https://www.chess.com"]
[Date "2023.12.12"]
[Round "6"]
[White "Novikova, Margarita"]
[Black "Gutierrez Olivares, Daniel"]
[Result "0-1"]
[Board "108"]
[TimeControl "180+1"]
[WhiteFideId "14109689"]
[BlackFideId "2264005"]
[WhiteElo "2138"]
[BlackElo "2464"]
[WhiteTeam "GER"]
[BlackTeam "ESP"]
[WhiteClock "0:00:00"]
[BlackClock "0:00:18"]

1. e4 e6 2. d4 d5 3. exd5 exd5 4. Bd3 Nc6 5. Nf3 Bd6 6. O-O Nge7 7. h3 Be6 8. b3 Qd7 9. Ng5 Bf5 10. Bxf5 Qxf5 11. c4 h6 12. c5 Bf4 13. Bxf4 Qxf4 14. Nf3 O-O 15. Qd2 Qxd2 16. Nbxd2 Nf5 17. a3 Ncxd4 18. b4 Rfe8 19. g4 Ne2+ 20. Kh2 Nfd4 21. b5 Nc2 22. Ra2 Ncd4 23. a4 Nc3 24. Ra3 Nxf3+ 25. Nxf3 Ne4 26. Rd3 Rad8 27. c6 bxc6 28. bxc6 Re6 29. Nd4 Rf6 30. f3 Nc5 31. Ra3 Ne6 32. Nb5 a6 33. Nc3 Nd4 34. Rd1 Nxf3+ 35. Kg3 Ng5 36. Nxd5 Rfd6 37. Ne7+ Kf8 38. Rxd6 Rxd6 39. Nf5 Rxc6 40. Rb3 Rb6 41. Rc3 Ne6 42. a5 Rb5 43. Rc6 Rxa5 44. h4 h5 45. Ne3 Ra3 46. Kf2 hxg4 47. Nxg4 a5 48. Ne5 a4 49. Nd7+ Ke7 50. Nc5 Nxc5 51. Rxc5 Kd6 52. Ra5 Ra2+ 53. Kg3 c5 54. Kg4 c4 55. Kh5 c3 56. Rg5 c2 57. Rg1 Rb2 0-1

[Event "December 12 Late 2023"]
[Site "https://www.chess.com"]
[Date "2023.12.12"]
[Round "6"]
[White "Burke, Paul"]
[Black "Serra Canals, Oriol"]
[Result "0-1"]
[Board "109"]
[TimeControl "180+1"]
[WhiteFideId "2605767"]
[BlackFideId "22276084"]
[WhiteElo "1852"]
[BlackElo "2459"]
[WhiteTeam "CAN"]
[BlackTeam "ESP"]
[WhiteClock "0:00:49"]
[BlackClock "0:01:03"]

1. e4 e6 2. d4 d5 3. e5 c5 4. Qg4 cxd4 5. Nf3 Nc6 6. Bd3 Nge7 7. O-O Ng6 8. Qg3 Be7 9. c3 dxc3 10. Nxc3 Bh4 11. Nxh4 Qxh4 12. Bxg6 hxg6 13. Bf4 Qxg3 14. Bxg3 a6 15. Na4 Bd7 16. Nb6 Rd8 17. Nxd7 Kxd7 18. a3 Nd4 19. Rad1 Nf5 20. Bf4 Rc8 21. Rc1 Nd4 22. Rxc8 Rxc8 23. Be3 Nf5 24. Bd2 Rc2 25. Bc3 d4 26. Rd1 Kc6 27. Bb4 Rxb2 28. Rc1+ Kd5 29. Rc5+ Ke4 30. f3+ Ke3 31. Rc7 Rb1+ 0-1

[Event "December 12 Late 2023"]
[Site "https://www.chess.com"]
[Date "2023.12.12"]
[Round "6"]
[White "Reinecke, Katharina"]
[Black "Nilsson, Joakim"]
[Result "0-1"]
[Board "110"]
[TimeControl "180+1"]
[WhiteFideId "12929727"]
[BlackFideId "1723383"]
[WhiteElo "2021"]
[BlackElo "2431"]
[WhiteTeam "GER"]
[BlackTeam "SWE"]
[WhiteClock "0:00:10"]
[BlackClock "0:00:46"]

1. d4 Nf6 2. c4 e6 3. Nf3 Bb4+ 4. Bd2 c5 5. g3 O-O 6. Bg2 Nc6 7. O-O d6 8. a3 Bxd2 9. Qxd2 e5 10. dxe5 dxe5 11. Nc3 Bg4 12. Qxd8 Rfxd8 13. Rad1 Kf8 14. h3 Be6 15. b3 h6 16. e3 Rac8 17. Nb5 Ke7 18. Nc3 Rxd1 19. Rxd1 Rd8 20. Rxd8 Kxd8 21. Nd2 Kc7 22. Nd5+ Bxd5 23. cxd5 Ne7 24. Nc4 Nexd5 25. Nxe5 Nc3 26. Nxf7 Nb1 27. b4 c4 28. a4 c3 29. Ne5 c2 30. Nd3 Nc3 31. Kf1 Nfd5 32. Ke1 Nxb4 33. Nc1 Nxa4 34. Kd2 Nc5 35. f4 a5 36. e4 a4 37. Kc3 a3 38. Kxb4 a2 39. Nxa2 Nd3+ 40. Kc3 c1=Q+ 41. Nxc1 Nxc1 42. e5 Ne2+ 43. Kd2 Nxg3 44. Kc2 b5 45. Kb3 Kb6 46. Kb4 Ne2 47. h4 Nxf4 48. Be4 g5 49. hxg5 hxg5 50. Bf5 Nd5+ 51. Kb3 Kc5 52. e6 Ne7 53. Bg4 Nc6 54. Bf5 Nd4+ 55. Kc3 Nxf5 56. Kd3 Ne7 57. Ke3 Kd5 58. Kf3 Kxe6 59. Kg4 Kf6 0-1

[Event "December 12 Late 2023"]
[Site "https://www.chess.com"]
[Date "2023.12.12"]
[Round "6"]
[White "Munoz Sanchez, Miguel"]
[Black "NovakRatko"]
[Result "0-1"]
[Board "111"]
[TimeControl "180+1"]
[WhiteFideId "3600734"]
[WhiteElo "2341"]
[BlackElo "2388"]
[WhiteTeam "ECU"]
[WhiteClock "0:00:00"]
[BlackClock "0:00:18"]

1. e4 d5 2. exd5 c6 3. dxc6 Nxc6 4. Nf3 e5 5. d3 Bc5 6. Be2 f5 7. O-O Nf6 8. Be3 Bxe3 9. fxe3 Qb6 10. Qd2 Qxb2 11. Nc3 O-O 12. Rab1 Qa3 13. d4 Rd8 14. Nb5 Qe7 15. c4 a6 16. Nc3 exd4 17. exd4 Ne4 18. Nxe4 fxe4 19. Rbe1 exf3 20. Bxf3 Qh4 21. Bd5+ Kh8 22. Re4 Qh6 23. Qe2 Bd7 24. Rf7 Qc1+ 25. Rf1 Qg5 26. h4 Qg3 27. Rf3 Bg4 28. Rxg3 Bxe2 29. Rxe2 Re8 30. Rxe8+ Rxe8 31. Bxc6 bxc6 32. Kf2 Kg8 33. Ra3 Re4 34. Rd3 Rxh4 35. d5 cxd5 36. cxd5 Kf8 37. Ke3 Ra4 38. a3 Ke7 39. Rb3 Kd6 40. Rb7 Rxa3+ 41. Kf4 Ra4+ 42. Ke3 Rg4 43. Kf3 Rg6 44. Ke4 Rg4+ 45. Kf3 h5 46. Rb6+ Kxd5 47. Rxa6 g6 48. Ra5+ Ke6 49. Ra6+ Kf5 50. g3 Rc4 51. Ra5+ Kf6 52. Ra6+ Kg7 0-1